 Dungeon Crawl Stone Soup version 0.29.1 (webtiles) character file.

Game seed: 15862223917925221136

196 wakxed the Magician (level 5, -6/29 HPs)
             Began as a Deep Elf Earth Elementalist on Sept 13, 2022.
             Splashed by a jelly's acid (10 damage)
             ... on level 3 of the Dungeon.
             The game lasted 00:19:31 (3307 turns).

wakxed the Magician (Deep Elf Earth Elementalist)   Turns: 3307, Time: 00:19:32

Health: -6/29      AC:  2    Str:  5    XL:     5   Next: 46%
Magic:  14/14      EV: 13    Int: 22    God:
Gold:   100        SH:  0    Dex: 15    Spells: 4/14 levels left

rFire   . . .      SeeInvis .   b - +2 sling (freeze)
rCold   . . .      Faith    .   (no shield)
rNeg    . . .      Spirit   .   i - +0 robe
rPois   .          Reflect  .   (no helmet)
rElec   .          Harm     .   (no cloak)
rCorr   .          Rampage  .   (no gloves)
Will    .....                   (no boots)
Stlth   ++........              (no amulet)
HPRegen 0.09/turn               (no ring)
MPRegen 0.14/turn               (no ring)

@: hasted, very quick
A: no striking features
a: no special abilities


You were on level 3 of the Dungeon.
You visited 1 branch of the dungeon, and saw 4 of its levels.

You collected 152 gold pieces.
You spent 52 gold pieces at shops.

Inventory:

Hand Weapons
 a - a +0 short sword
 b - a +2 sling of freezing (weapon)
Armour
 i - a +0 robe (worn)
 n - the +0 helmet of a Gauntlet {Harm rElec Dex-2}
   (You found it on level 2 of the Dungeon)

   Dex:       It affects your dexterity (-2).
   rElec:     It insulates you from electricity.
   Harm:      It increases damage dealt and taken.
Wands
 r - a wand of flame (11)
Scrolls
 f - a scroll of butterflies {unknown}
 g - 2 scrolls of teleportation
 h - a scroll of blinking {unknown}
 j - a scroll of immolation {unknown}
 m - a scroll of fear {unknown}
 o - a scroll of noise {unknown}
 q - a scroll of poison {unknown}
 s - a scroll of vulnerability {unknown}
 u - a scroll of amnesia {unknown}
Potions
 d - a potion of attraction
 e - a potion of degeneration {unknown}
 k - a potion of resistance {unknown}
 l - a potion of curing {unknown}
 p - a potion of haste
 t - a potion of magic


   Skills:
 + Level 1.3 Fighting
 + Level 3.5 Dodging
 - Level 2.4 Stealth
 * Level 5.0 Spellcasting
 + Level 1.5 Conjurations
 + Level 2.1 Transmutations
 + Level 4.0 Earth Magic


You had 4 spell levels left.
You knew the following spells:

 Your Spells              Type           Power      Damage    Failure   Level
a - Sandblast             Erth           46%        2d11      1%          1
b - Passwall              Tmut/Erth      15%        N/A       4%          2
c - Stone Arrow           Conj/Erth      34%        3d9       10%         3
d - Petrify               Tmut/Erth      19%        N/A       28%         4

Your spell library contained the following spells:

 Spells                   Type           Power      Damage    Failure   Level
 Summon Small Mammal      Summ           20%        N/A       10%         1
 Call Imp                 Summ           5%         N/A       16%         2
 Call Canine Familiar     Summ           5%         N/A       30%         3
 Summon Guardian Golem    Hex/Summ       5%         N/A       30%         3
 Summon Lightning Spire   Summ/Air       5%         N/A       69%         4


Dungeon Overview and Level Annotations

Branches:
Dungeon (4/15)
 Temple: D:4-7

Altars:

Shops:
D:1 *


Message History

You climb upwards.
There is a stone staircase leading down here.
There is a stone staircase leading down here.
You climb downwards.
The gnoll shouts! x2
The jelly quivers.
The gnoll bouda shouts!
The gnoll shouts!
Found a robe.
There is a stone staircase leading up here.
The gnoll shouts!
The gnoll hits you from afar with a +2 halberd of protection!
The gnoll bouda barks out a call to the hunt!
The gnolls pick up the pace!
You climb upwards.
There is a stone staircase leading down here.
You start resting.
HP restored.
Done exploring.
You climb downwards.
The dart slug launches a dart at you. The slug dart hits you.
The gnoll misses you.
The gnoll hits you from afar with a +0 spear.
The gnoll bouda barks out a call to the hunt!
The gnolls pick up the pace!
The jelly hits you but does no damage.
There is a stone staircase leading up here.
The gnoll completely misses you. The jelly barely misses you.
The gnoll hits you with a +0 whip. The dart slug launches a dart at you.
The slug dart hits you.
The gnoll hits you from afar with a +0 halberd.
* * * LOW HITPOINT WARNING * * *
The gnoll barely misses you.
You climb upwards.
There is a stone staircase leading down here.
Okay, then.
You feel yourself speed up. The jelly hits you.
* * * LOW HITPOINT WARNING * * *
You are splashed with acid!
You die...

#>..# #.# ##.## #.#
############# #.# #.#
#...........# ##.####.#
#.#########.#
#.......###### #.# #.#
...##........# #.# #.#
...##.######.# #.# #.#
...)......##.#####.####
#.#
...##..##.##...J@.....#
#.#
#..##..##.##...g##.##.#
#.#
#..##..##.##.##.##.##.#
###.#
#.......#.##.##.##.##.#
#...#
#.###...#.##.##.##.##.#
#.### #.#
#...#.#...#.##.##.# #.#
..# #..............##.#
#.#
..###..........(#####.#
#.# .................#
#.# #.#


You could see a jelly and a gnoll (swift).

Vanquished Creatures
  An ogre (D:3)
  A hound (D:3)
  2 adders (D:3)
  2 worms
  A dart slug (D:3)
  5 endoplasms
  2 giant cockroaches
  12 goblins
  8 hobgoblins
  4 jackals (D:2)
  2 kobolds (D:1)
  8 ball pythons
  4 bats
  3 frilled lizards
  3 rats
58 creatures vanquished.

Vanquished Creatures (others)
  3 plants (D:1)
3 creatures vanquished.

Grand Total: 61 creatures vanquished

Notes
Turn   | Place    | Note
-------+----------+-------------------------------------------
     0 | D:1      | wakxed the Deep Elf Earth Elementalist began the quest for
                  | the Orb.
     0 | D:1      | Reached XP level 1. HP: 10/10 MP: 6/6
   421 | D:1      | Reached XP level 2. HP: 14/16 MP: 1/8
   872 | D:1      | Found Roonuota's Assorted Antiques.
   884 | D:1      | Bought a scroll labelled ZUVUCW BEEMAYN for 26 gold pieces
   884 | D:1      | Bought a scroll labelled QAILICR ZASUAT for 26 gold pieces
   969 | D:1      | Found a faded altar of an unknown god.
  1142 | D:1      | Learned a level 2 spell: Passwall
  1230 | D:2      | Reached XP level 3. HP: 20/20 MP: 5/10
  1592 | D:2      | Identified the +0 helmet of a Gauntlet {Harm rElec Dex-2}
  1967 | D:2      | Learned a level 3 spell: Stone Arrow
  2044 | D:3      | Reached skill level 4 in Spellcasting
  2185 | D:3      | Noticed an ogre
  2372 | D:3      | Reached skill level 1 in Fighting
  2372 | D:3      | Reached XP level 4. HP: 25/25 MP: 9/12
  2455 | D:3      | Reached skill level 1 in Conjurations
  2677 | D:3      | Killed an ogre
  2678 | D:3      | Reached XP level 5. HP: 29/29 MP: 11/14
  2749 | D:3      | Reached skill level 5 in Spellcasting
  3040 | D:3      | Learned a level 4 spell: Petrify
  3105 | D:4      | Got Xaegruf's Compilation of Rallying
  3307 | D:3      | Splashed by a jelly's acid

Illustrated notes

Levels and vault maps discovered:
D:1:      wander_arrival_estate, layout_basic,
          shapermc_ecumenical_altar_mp_urbaneastern, serial_shops,
          nicolae_shop_statue_plus
D:2:      layout_basic
D:3:      layout_loops_ring, minmay_ogre_servants
D:4:      layout_basic, chequers_serial_rivers_small_b

Skill      XL: |  1  2  3  4  5 |
---------------+----------------+-----
Dodging        | 3 |  3.5
Spellcasting   | 4 5 |  5.0
Fighting       | 1 |  1.3
Conjurations   | 1 |  1.5
Transmutations | 2 |  2.1
Earth Magic    | 4 |  4.0
Stealth        | |  2.4

Action                   |  1- 3 |  4- 6 || total
-------------------------+-------+-------++-------
Melee: Short sword       |     1 |     1 ||     2
 Fire: Sling             |       |     9 ||     9
 Cast: Sandblast         |    56 |    17 ||    73
  Use: Scroll            |       |     3 ||     3
       Potion            |       |     1 ||     1
 Stab: Sleeping          |     1 |     1 ||     2
Armor: Robe              |     2 |     1 ||     3
Dodge: Dodged            |     8 |     6 ||    14
